 Dungeon Crawl Stone Soup version 0.17.0-26-gececa24 (webtiles) character file.

35502 4thArraOfDagon the Gouger (level 13, -4/54 HPs)
             Began as a Felid Transmuter on Nov 19, 2015.
             Was the Champion of Cheibriados.
             Slain by a mace of holy wrath (14 damage)
             ... on level 2 of the Elven Halls.
             The game lasted 00:52:32 (8010 turns).

4thArraOfDagon the Gouger (Felid Transmuter)        Turns: 8010, Time: 00:52:32

Health: -4/54      AC:  7    Str: 21    XL:     13   Next: 47%
Magic:  18/21      EV: 39    Int: 32    God:    Cheibriados [******]
Gold:   64         SH:  0    Dex: 39    Spells: 6 memorised, 2 levels left
                                        Lives:  0   Deaths: 3

rFire  . . .     SeeInvis +       - Unarmed
rCold  . . .     Clarity  .     (armour unavailable)
rNeg   . . .     SustAt   .     (shield unavailable)
rPois  .         Gourm    .     (helmet unavailable)
rElec  .         Spirit   .     (cloak unavailable)
rCorr  .         Warding  .     (gloves unavailable)
rMut   +         Stasis   .     (boots unavailable)
MR     +++..                    G - amulet "Olaxem" {rMut MR+ Dex+6}
Stlth  ++++++++..               T - ring "Quebbeyng" {+Fly rC- MR+ Stlth+}
                                r - +2 ring of evasion

@: about to teleport, blade paws (expiring), very slow, extremely resistant to
hostile enchantments, extraordinarily stealthy
A: no armour, no weapons or thrown items, claws 1, fangs 3, horns 1, rough black
scales 1, see invisible, breathe flames 1, carnivore 3, deterioration 1, speed
1, frail 1, mutation resistance 1, shaggy fur 3, slow metabolism 1, no device
heal 1, subdued magic 1, (sharp paws)
a: End Transformation, Bend Time, Temporal Distortion, Slouch, Step From Time,
Renounce Religion, Breathe Fire, Evoke Flight


You were on level 2 of the Elven Halls.
You worshipped Cheibriados.
Cheibriados was exalted by your worship.
You were completely stuffed.
You had blades for front paws.
You visited 3 branches of the dungeon, and saw 22 of its levels.
You also visited: Labyrinth and Ice Cave.

You collected 1120 gold pieces.
You spent 1056 gold pieces at shops.

Inventory:

Jewellery
 e - an uncursed ring of protection from magic
 r - a +2 ring of evasion (left scythe-like blade)
 s - an uncursed ring of wizardry
 E - a +4 ring of strength
 G - the amulet "Olaxem" (around neck) {rMut MR+ Dex+6}
   (You found it in an ice cave)

   [amulet of resist mutation]

   It protects you from mutation.
   It affects your dexterity (+6).
   It affects your resistance to hostile enchantments.
 I - a +3 ring of intelligence
 L - an uncursed ring of protection from magic
 Q - an uncursed amulet of warding
 T - the ring "Quebbeyng" (right scythe-like blade) {+Fly rC- MR+ Stlth+}
   (You found it on level 3 of the Elven Halls)

   [ring of flight]

   It makes you vulnerable to cold.
   It affects your resistance to hostile enchantments.
   It lets you fly.
   It makes you more stealthy.
Wands
 d - a wand of paralysis (7)
 f - a wand of confusion (6)
 j - a wand of confusion (34)
 n - a wand of invisibility (5)
 u - a wand of magic darts (21)
 v - a wand of digging (6)
 w - a wand of flame (27)
 y - a wand of confusion (31)
 z - a wand of random effects (19)
 C - a wand of cold (7)
 F - a wand of frost (16)
 K - a wand of draining (3)
 O - a wand of slowing (29)
 P - a wand of cold (8)
Scrolls
 k - 2 scrolls of recharging
 m - a scroll of teleportation
 t - 3 scrolls of blinking
 x - a scroll of fog
 M - a scroll of immolation
 N - 3 scrolls of identify
Potions
 a - 2 potions of might
 h - 2 potions of brilliance
 l - 8 potions of curing
 o - 2 potions of agility
 D - 4 potions of heal wounds
Books
 b - a book of Changes

   Spells                             Type                      Level
   a - Beastly Appendage              Transmutation                1
   b - Sticks to Snakes               Transmutation                2
   c - Spider Form                    Transmutation/Poison         3
   d - Ice Form                       Ice/Transmutation            4
   e - Blade Hands                    Transmutation                5
 q - the Tome of Stones
   (You found it in a labyrinth)

   Spells                             Type                      Level
   a - Stoneskin                      Transmutation/Earth          2
   b - Iron Shot                      Conjuration/Earth            6
   c - Shatter                        Earth                        9
 A - a book of Clouds

   Spells                             Type                      Level
   a - Mephitic Cloud                 Conjuration/Poison/Air       3
   b - Conjure Flame                  Conjuration/Fire             3
   c - Poisonous Cloud                Conjuration/Poison/Air       6
   d - Freezing Cloud                 Conjuration/Ice/Air          6
   e - Ring of Flames                 Charms/Fire                  7
 B - a book of Ice

   Spells                             Type                      Level
   a - Ice Form                       Ice/Transmutation            4
   b - Metabolic Englaciation         Hexes/Ice                    5
   c - Ozocubu's Refrigeration        Ice                          6
   d - Bolt of Cold                   Conjuration/Ice              6
   e - Freezing Cloud                 Conjuration/Ice/Air          6
   f - Simulacrum                     Ice/Necromancy               6
 H - a book of the Warp

   Spells                             Type                      Level
   a - Recall                         Summoning/Translocation      3
   b - Gell's Gravitas                Hexes/Translocation          3
   c - Force Lance                    Conjuration/Translocation    4
   d - Phase Shift                    Translocation                5
   e - Warp Weapon                    Charms/Translocation         5
   f - Summon Forest                  Summoning/Translocation      5
Miscellaneous
 g - a stone of tremors
 R - a plain deck of summoning {drawn: 1}
Comestibles
 c - 7 meat rations
 i - 8 royal jellies
 p - 2 slices of pizza
 J - a beef jerky
 S - 4 chunks of flesh


   Skills:
 - Level 10.1 Fighting
 - Level 12.5 Dodging
 - Level 13.0 Stealth
 * Level 14.0 Unarmed Combat
 - Level 5.1 Spellcasting
 - Level 8.6 Transmutations
 + Level 9.0 Invocations
 - Level 6.0 Evocations


You had 2 spell levels left.
You knew the following spells:

 Your Spells              Type           Power        Failure   Level  Hunger
a - Beastly Appendage     Trmt           #####.       4%          1    None
b - Spider Form           Trmt/Pois      ###.......   13%         3    None
c - Ice Form              Ice/Trmt       ###.....     30%         4    ###....
d - Blade Hands           Trmt           #####.....   22%         5    #####..
e - Stoneskin             Trmt/Erth      ###.....     9%          2    None
f - Phase Shift           Tloc           #.........   99%         5    #####..


Dungeon Overview and Level Annotations

Branches:
Dungeon (15/15)               Orc (4/4) D:11            Elf (3/3) Orc:4
 Vaults (0/5) D:13         Depths (0/5) D:15
 Temple: D:4-7         Lair: D:8-11

Altars:
Ashenzari
Cheibriados
Dithmenos
Elyvilon
Gozag
Kikubaaqudgha
Makhleb
Nemelex Xobeh
Okawaru
Ru
Trog
Zin
Beogh

Shops:
D:9 %   D:10 ?   D:14 *   Orc:3 (   Orc:4 !?!(   Elf:2 *

Annotations:
D:4 1 runed door
D:9 LAIR
D:10 lucasterio's ghost, journeyman MiBe


Innate Abilities, Weirdness & Mutations

You cannot wear armour.
You are incapable of wielding weapons or throwing items.
You have sharp claws.
You have razor-sharp teeth.
You have supernaturally acute eyesight.
You are carnivorous and can eat meat at any time.
You cover ground quickly.
Your thick and shaggy fur keeps you warm (AC +3, rC+).
You have a slow metabolism.
((Your sharp claws are effective at attacking unaware monsters.))
You have a pair of small horns on your head.
You are partially covered in rough black scales (AC +4, Dex -1).
You can breathe flames.
Your body sometimes deteriorates upon taking damage.
You are frail (-10% HP).
You are somewhat resistant to further mutation.
Potions and wands are less effective at restoring your health.
Your spells are a little easier to cast, but a little less powerful.


Message History

* * * LOW HITPOINT WARNING * * *
You hear a shout! x9
Unknown command.
Unknown command.
Unknown command.
Unknown command.
Unknown command.
Your transformation is almost over.
There is an escape hatch in the ceiling here.
Unknown command.
A mysterious force pulls you upwards.
The hatch slams shut behind you. 2 dancing weapons, a deep elf fighter and 2 deep elf knights come into view.
Unknown command.
Unknown command.
Read which item? (? for menu, Esc to quit)
As you read the scroll of teleportation, it crumbles to dust.
You feel strangely unstable.
The deep elf knight shouts!
The mace of holy wrath hits you!
You die...

..........
#.........
##.........
##...e......
#...e.....
#......
#.((# #.@#
#..## #...
#... ##..
#e. ###


You could see 2 deep elf knights, a deep elf fighter (wandering) and 2 dancing
weapons.

Vanquished Creatures
  A shadow dragon (D:12)
  A frost giant (IceCv)
  A deep elf sorcerer (Elf:1)
  Maud (D:14)
  2 ettins
  A deep elf annihilator (Elf:3)
  A minotaur (Lab)
  Josephine (D:11)
  A deep elf death mage (Elf:3)
  Erica (D:11)
  A centaur warrior (D:14)
  An ogre mage (D:15)
  A deep troll earth mage (D:12)
  2 death yaks (IceCv)
  A tengu warrior (D:15)
  A deep elf knight (Elf:1)
  2 unseen horrors
  2 deep elf summoners
  Pikel (D:7)
  5 hill giants
  4 orc knights (Orc:4)
  3 deep elf conjurers
  A faun (shapeshifter) (D:12)
  A griffon (D:15)
  6 ugly things (D:15)
  A hornet (shapeshifter) (D:15)
  2 cyclopes
  A manticore (D:14)
  A centaur zombie (D:15)
  2 gargoyles
  A kobold demonologist (D:12)
  A redback zombie (D:14)
  3 deep elf priests
  A demonic crawler (D:13)
  4 two-headed ogres
  A queen bee (D:11)
  8 trolls
  Grinder (D:4)
  19 polar bears (IceCv)
  A shadow (D:12)
  A trapdoor spider (Lab)
  3 wraiths (D:11)
  27 yaks
  2 hill giant zombies (D:11)
  2 basilisks
  16 wolves (IceCv)
  8 deep elf magi
  7 deep elf fighters
  7 hungry ghosts
  A hippogriff (D:15)
  2 wyverns
  5 vampire mosquitoes
  5 wargs (Orc:4)
  4 sky beasts
  10 ice beasts
  34 orc warriors
  2 phantoms
  A necrophage (D:5)
  3 ogres
  A crocodile (D:15)
  9 centaurs
  5 giant frogs
  3 big kobolds
  A wyvern skeleton (D:14)
  4 scorpions
  A troll zombie (D:11)
  26 killer bees
  3 crimson imps
  8 orc priests
  A giant frog skeleton (D:5)
  2 hounds
  2 jellies
  2 centaur skeletons
  A giant frog zombie (D:6)
  11 orc wizards
  3 iguanas
  6 worker ants
  3 ogre zombies (D:11)
  A hound zombie (D:6)
  4 gnolls (D:6)
  4 adders
  2 shadow imps
  An ooze (D:2)
  A worm (D:4)
  An adder skeleton (D:5)
  A giant gecko (D:10)
  78 orcs
  4 giant cockroaches
  A goblin (D:3)
  14 kobolds
  2 bats (D:1)
  A giant gecko zombie (D:5)
  A giant newt (D:4)
  A goblin skeleton (D:11)
  2 goblin zombies (D:11)
  3 hobgoblin zombies (D:11)
  5 jackals
  3 orc skeletons (D:11)
  9 orc zombies (D:11)
461 creatures vanquished.

Vanquished Creatures (collateral kills)
  A polar bear (IceCv)
1 creature vanquished.

Grand Total: 462 creatures vanquished

Notes
Turn   | Place    | Note
--------------------------------------------------------------
     0 | D:1      | 4thArraOfDagon the Felid Transmuter began the quest for the Orb.
     0 | D:1      | Reached XP level 1. HP: 9/9 MP: 4/4
   116 | D:3      | Reached XP level 2. HP: 4/12 MP: 4/6
   193 | D:4      | Found an ancient bone altar of Kikubaaqudgha.
   213 | D:4      | Noticed a scorpion
   217 | D:4      | Noticed an ogre
   260 | D:4      | Reached XP level 3. HP: 11/15 MP: 5/7
   269 | D:4      | Killed a scorpion
   269 | D:4      | Reached skill level 1 in Stealth
   269 | D:4      | Reached XP level 4. HP: 15/19 MP: 6/8
   277 | D:4      | Learned a level 3 spell: Spider Form
   303 | D:4      | Found a glowing silver altar of Zin.
   303 | D:4      | Found a runed door.
   303 | D:4      | Noticed an angel
   303 | D:4      | Noticed Grinder
   317 | D:5      | Entered Level 5 of the Dungeon
   357 | D:5      | Found a sparkling altar of Nemelex Xobeh.
   360 | D:5      | Noticed a centaur
   378 | D:5      | Slain by a centaur
   379 | D:5      | Reached XP level 3. HP: 0/15 MP: 0/7
   380 | D:5      | Killed a centaur
   380 | D:5      | Reached skill level 4 in Unarmed Combat
   380 | D:5      | Reached XP level 4. HP: 17/19 MP: 8/8
   391 | D:5      | Reached XP level 5. HP: 20/22 MP: 6/9
   459 | D:6      | Learned a level 4 spell: Ice Form
   490 | D:6      | Found an opulent altar of Gozag.
   497 | D:6      | Found a burning altar of Makhleb.
   497 | D:6      | Noticed a sky beast
   516 | D:6      | Killed a sky beast
   516 | D:6      | Gained mutation: You are covered in thick fur (AC +2). [Felid growth]
   516 | D:6      | Reached XP level 6. HP: 3/26 MP: 1/10
   542 | D:6      | Found a shadowy altar of Dithmenos.
   836 | D:7      | Found a shattered altar of Ashenzari.
   967 | D:6      | Found an iron altar of Okawaru.
   967 | D:6      | Found a white marble altar of Elyvilon.
   967 | D:6      | Noticed a slave
   967 | D:6      | Noticed Pikel
   967 | D:6      | Noticed a slave
   967 | D:6      | Noticed a slave
   967 | D:6      | Noticed a slave
   975 | D:7      | Killed Pikel
   975 | D:7      | Reached skill level 5 in Dodging
   975 | D:7      | Reached skill level 5 in Unarmed Combat
   975 | D:7      | Reached skill level 5 in Transmutations
   975 | D:7      | Reached XP level 7. HP: 3/31 MP: 2/12
   986 | D:6      | Noticed a sky beast
  1265 | D:6      | Reached XP level 8. HP: 25/34 MP: 8/13
  1269 | D:6      | Killed a sky beast
  1280 | D:6      | Gained mutation: Potions and wands are less effective at restoring your health. [mutagenic meat]
  1281 | D:6      | Gained mutation: You are partially covered in rough black scales (AC +4, Dex -1). [mutagenic meat]
  1282 | D:6      | Gained mutation: Your body sometimes deteriorates upon taking damage. [mutagenic meat]
  1283 | D:6      | Gained mutation: You are somewhat resistant to further mutation. [mutagenic meat]
  1295 | D:6      | Reached skill level 6 in Transmutations
  1334 | D:6      | Learned a level 5 spell: Blade Hands
  1351 | D:6      | Reached skill level 5 in Stealth
  1576 | D:4      | Killed Grinder
  1606 | D:4      | :)
  1647 | D:4      | Killed an ogre
  1902 | D:5      | Noticed a necrophage
  1915 | D:5      | Killed a necrophage
  1921 | D:5      | Found a sacrificial altar of Ru.
  1922 | D:5      | Found a snail-covered altar of Cheibriados.
  1927 | D:5      | Became a worshipper of Cheibriados the Contemplative
  2163 | D:8      | Noticed a hill giant
  2175 | D:7      | Killed a hill giant
  2175 | D:7      | Reached skill level 7 in Transmutations
  2175 | D:7      | Reached skill level 1 in Invocations
  2175 | D:7      | Reached XP level 9. HP: 7/39 MP: 9/15
  2297 | D:8      | inaccuracy
  2297 | D:8      | FOR WIN
  2336 | D:9      | and loudness
  2342 | D:10     | Entered Level 10 of the Dungeon
  2371 | D:10     | Found Afaf's Magic Scroll Emporium.
  2375 | D:10     | Bought a scroll of remove curse for 51 gold pieces
  2375 | D:10     | Bought a scroll of identify for 34 gold pieces
  2375 | D:10     | Bought a scroll of identify for 34 gold pieces
  2384 | D:10     | Noticed lucasterio's ghost (journeyman MiBe)
  2488 | D:10     | Reached * piety under Cheibriados
  2602 | D:11     | Noticed Erica
  2621 | D:11     | Killed Erica
  2621 | D:11     | Reached skill level 5 in Fighting
  2621 | D:11     | Reached skill level 8 in Transmutations
  2691 | D:11     | Reached XP level 10. HP: 31/44 MP: 12/17
  2733 | D:11     | Found a staircase to the Orcish Mines.
  2856 | D:11     | Reached skill level 5 in Spellcasting
  2934 | D:12     | Noticed a hill giant
  2996 | D:12     | Killed a hill giant
  3004 | D:12     | Noticed a skeletal warrior
  3118 | D:12     | Noticed a shadow dragon
  3159 | D:13     | Reached ** piety under Cheibriados
  3180 | D:13     | Noticed a hill giant
  3190 | D:13     | Killed a hill giant
  3252 | D:13     | Found a labyrinth entrance.
  3263 | Lab      | Entered a labyrinth
  3296 | Lab      | Found an exit through the horrors of the Abyss.
  3573 | Lab      | ORTLf
  3724 | Lab      | Reached skill level 1 in Evocations
  3726 | Lab      | Noticed a minotaur
  3846 | Lab      | Killed a minotaur
  3846 | Lab      | Reached skill level 9 in Unarmed Combat
  3848 | Lab      | Identified the Tome of Stones (You found it in a labyrinth)
  3873 | D:13     | Reached XP level 11. HP: 48/48 MP: 12/19
  3924 | D:13     | Noticed a cyclops
  3958 | D:14     | Noticed an unseen horror
  3965 | D:14     | Killed an unseen horror
  3998 | D:14     | Noticed a hill giant
  3999 | D:14     | Killed a hill giant
  4020 | D:14     | Found Vaap's Serpentskin Sales.
  4020 | D:14     | Noticed a naga sharpshooter
  4034 | D:14     | Reached *** piety under Cheibriados
  4042 | D:14     | Noticed a hill giant
  4051 | D:14     | Killed a hill giant
  4136 | D:14     | Noticed Maud
  4149 | D:14     | Killed Maud
  4149 | D:14     | Reached skill level 10 in Unarmed Combat
  4200 | D:14     | Found a frozen archway.
  4243 | D:14     | Reached skill level 5 in Evocations
  4284 | IceCv    | Entered an ice cave
  4297 | IceCv    | Reached skill level 5 in Invocations
  4304 | IceCv    | Reached skill level 10 in Stealth
  4305 | IceCv    | Reached **** piety under Cheibriados
  4415 | IceCv    | Gained mutation: Your thick and shaggy fur keeps you warm (AC +3, rC+). [Felid growth]
  4415 | IceCv    | Reached XP level 12. HP: 35/54 MP: 10/20
  4446 | IceCv    | Learned a level 2 spell: Stoneskin
  4458 | IceCv    | Noticed a death yak
  4458 | IceCv    | Noticed a death yak
  4492 | IceCv    | Killed a death yak
  4517 | IceCv    | Killed a death yak
  4714 | IceCv    | Reached ***** piety under Cheibriados
  4714 | IceCv    | Reached skill level 11 in Unarmed Combat
  4886 | IceCv    | Noticed a frost giant
  4931 | IceCv    | Reached skill level 10 in Dodging
  5025 | IceCv    | Was placed under penance by Cheibriados
  5034 | IceCv    | Killed a frost giant
  5072 | IceCv    | Identified the Disquisition on Attacks
  5076 | IceCv    | Got a coiled bone amulet
  5077 | IceCv    | Identified the amulet "Olaxem" {rMut MR+ Dex+6} (You found it in an ice cave)
  5205 | D:15     | Entered Level 15 of the Dungeon
  5227 | D:14     | Was forgiven by Cheibriados
  5326 | D:15     | Gained mutation: You are frail (-10% HP). [mutagenic meat]
  5327 | D:15     | Gained mutation: You can breathe flames. [mutagenic meat]
  5364 | D:15     | Learned a level 5 spell: Phase Shift
  5483 | D:15     | Reached XP level 13. HP: 52/52 MP: 17/21
  5486 | D:15     | Reached skill level 12 in Unarmed Combat
  5491 | D:15     | Gained mutation: You have a pair of small horns on your head. [mutagenic meat]
  5647 | D:15     | Found a staircase to the Depths.
  5647 | D:15     | Noticed an ettin
  5651 | D:15     | Noticed a centaur warrior
  5651 | D:15     | Demolished by an ettin
  5652 | D:15     | Reached XP level 12. HP: -18/50 MP: 16/20
  5681 | D:15     | Killed an ettin
  5725 | D:14     | Noticed a centaur warrior
  5737 | D:14     | Killed a centaur warrior
  5798 | D:13     | Killed a cyclops
  5805 | D:13     | Found a gate to the Vaults.
  5836 | D:13     | Noticed an ogre mage
  5836 | D:13     | Rolled over by a boulder beetle
  5837 | D:13     | Reached XP level 11. HP: -7/46 MP: 16/19
  6043 | D:12     | Reached ****** piety under Cheibriados
  6087 | D:12     | Noticed an ettin
  6095 | D:12     | Killed an ettin
  6101 | D:12     | Noticed a deep troll earth mage
  6106 | D:12     | Killed a shadow dragon
  6108 | D:12     | Killed a deep troll earth mage
  6108 | D:12     | Reached XP level 12. HP: 49/51 MP: 18/20
  6265 | D:11     | Reached skill level 13 in Unarmed Combat
  6295 | D:11     | Noticed Josephine
  6302 | D:11     | Killed Josephine
  6367 | D:9      | Found Jetok's Food Shop.
  6380 | D:9      | Found a bloodstained altar of Trog.
  6669 | Orc:1    | Entered Level 1 of the Orcish Mines
  6777 | Orc:4    | Entered Level 4 of the Orcish Mines
  6861 | Orc:3    | Found Vygakas's Weapon Shop.
  6963 | Orc:4    | Found Xotziev's Distillery.
  6967 | Orc:4    | Bought a potion of mutation for 40 gold pieces
  6968 | Orc:4    | Gained mutation: Your spells are a little easier to cast, but a little less powerful. [potion of mutation]
  6969 | Orc:4    | :D
  6977 | Orc:4    | Found Ipoorah's Antique Weapon Boutique.
  7212 | Orc:4    | Reached XP level 13. HP: 52/54 MP: 15/21
  7218 | Orc:4    | Found Qamiassaz's Distillery.
  7218 | Orc:4    | Found Gery's Magic Scroll Boutique.
  7225 | Orc:4    | Bought a potion of curing for 45 gold pieces
  7225 | Orc:4    | Bought 2 potions of curing for 90 gold pieces
  7225 | Orc:4    | Bought 2 potions of might for 120 gold pieces
  7234 | Orc:4    | Bought a scroll of identify for 30 gold pieces
  7234 | Orc:4    | Bought a scroll of teleportation for 45 gold pieces
  7234 | Orc:4    | Bought a scroll of teleportation for 45 gold pieces
  7254 | Orc:4    | Found a roughly hewn altar of Beogh.
  7279 | Orc:4    | Bought 2 potions of agility for 128 gold pieces
  7279 | Orc:4    | Bought a potion of heal wounds for 80 gold pieces
  7279 | Orc:4    | Bought a potion of curing for 48 gold pieces
  7279 | Orc:4    | Bought a potion of curing for 48 gold pieces
  7279 | Orc:4    | Bought a potion of curing for 48 gold pieces
  7413 | Orc:4    | Found a staircase to the Elven Halls.
  7426 | Elf:1    | Entered Level 1 of the Elven Halls
  7552 | Elf:1    | Noticed a deep elf sorcerer
  7557 | Elf:1    | Killed a deep elf sorcerer
  7658 | Elf:2    | Found Cynovuna's Assorted Antiques.
  7664 | Elf:2    | Bought a thick jasper amulet for 170 gold pieces
  7678 | Elf:3    | Entered Level 3 of the Elven Halls
  7755 | Elf:3    | Got a wavering platinum ring
  7756 | Elf:3    | Identified the ring "Quebbeyng" {+Fly rC- MR+ Stlth+} (You found it on level 3 of the Elven Halls)
  7784 | Elf:3    | Reached skill level 10 in Fighting
  7884 | Elf:3    | Noticed a deep elf annihilator
  7895 | Elf:3    | Killed a deep elf annihilator
  7998 | Elf:3    | Noticed a deep elf sorcerer
  8000 | Elf:3    | Noticed a deep elf sorcerer
  8001 | Elf:3    | Noticed a deep elf annihilator
  8002 | Elf:3    | Reached skill level 14 in Unarmed Combat
  8004 | Elf:3    | Noticed a deep elf sorcerer
  8005 | Elf:3    | Noticed a deep elf annihilator
  8010 | Elf:2    | Slain by a mace of holy wrath

Action                   |  1- 3 |  4- 6 |  7- 9 | 10-12 | 13-15 || total
-------------------------+-------+-------+-------+-------+-------++-------
Melee: Unarmed           |    21 |    53 |   212 |   732 |    88 ||  1106
 Cast: Beastly Appendage |     3 |       |     2 |       |       ||     5
       Spider Form       |       |     7 |     6 |       |       ||    13
       Blade Hands       |       |       |    10 |    60 |    12 ||    82
       Ice Form          |       |       |     1 |    13 |       ||    14
Invok: Slouch            |       |       |       |     2 |       ||     2
 Abil: End Transformatio |       |       |     1 |    12 |       ||    13
Evoke: Wand              |     2 |     5 |     3 |     2 |       ||    12
       Stone of tremors  |       |       |       |     1 |       ||     1
       Deck              |       |       |       |       |     1 ||     1
  Use: Scroll            |       |     5 |     9 |    10 |     4 ||    28
       Potion            |       |     4 |     3 |    11 |       ||    18
 Stab: Sleeping          |     1 |     1 |     8 |    23 |     8 ||    41
       Confused          |     3 |     1 |       |       |       ||     4
       Paralysed         |       |     2 |     1 |       |       ||     3
       Distracted        |       |       |       |     4 |     1 ||     5
  Eat: Chunk             |     1 |     4 |    17 |    43 |    11 ||    76
